 Dungeon Sprint DCSS version 0.19-a0-811-gf4045fb (webtiles) character file.

7123 Groucho the Cleaver (level 11, -7/95 HPs)
             Began as a Formicid Fighter on June 28, 2016.
             Was a High Priest of Trog.
             Engulfed by a smoke demon's steam (10 damage)
             ... summoned by an orc sorcerer
             ... in the Dungeon (Sprint IX: "|||||||||||||||||||||||||||||").
             The game lasted 00:08:54 (2383 turns).

Groucho the Cleaver (Formicid Fighter)              Turns: 2383, Time: 00:08:55

Health: -7/95      AC: 20    Str: 23    XL:     11   Next: 31%
Magic:  6/6        EV:  9    Int:  9    God:    Trog [*****.]
Gold:   670        SH: 13    Dex: 13    Spells: 0 memorised, 10 levels left

rFire  . . .     SeeInvis +     f - +4 broad axe (antimagic)
rCold  . . .     Gourm    .     r - +0 plate armour
rNeg   . . .     Faith    .     c - +0 shield
rPois  .         Spirit   .     (helmet unavailable)
rElec  .         Dismiss  .     (no cloak)
rCorr  .         Reflect  .     A - +0 pair of gloves
SustAt .         Harm     .     y - +0 pair of boots
MR     +++..                    (no amulet)
Stlth  ..........               n - +3 ring of dexterity
                                o - +2 ring of protection

@: regenerating, extremely resistant to hostile enchantments, extremely
unstealthy
A: permanent stasis, dig shafts and tunnels, four strong arms, antennae 3
a: Dig, Trog's Hand, Brothers in Arms, Burn Spellbooks, Renounce Religion


You were in the Dungeon.
You worshipped Trog.
Trog was extremely pleased with you.
You were near starving.

You visited 1 branch You collected 670 gold pieces.

Inventory:

Hand Weapons
 f - a +4 antimagic broad axe (weapon)
Missiles
 a - 2 javelins of penetration
 t - 2 poisoned javelins (quivered)
 u - 4 steel javelins
Armour
 c - a +0 shield (worn)
 r - a +0 plate armour (worn)
 y - a +0 pair of boots (worn)
 A - a +0 pair of gloves (worn)
Jewellery
 n - a +3 ring of dexterity (right hand)
 o - a +2 ring of protection (left hand)
Wands
 m - a wand of lightning (0/15)
 v - a wand of flame (18/48)
 B - a wand of iceblast (4/15)
Scrolls
 e - a scroll of fog
 k - 2 scrolls of blinking
 l - 4 scrolls of remove curse
 q - 2 scrolls of enchant armour
 s - 4 scrolls of enchant weapon
Potions
 b - 2 potions of resistance
 d - a potion of might
 h - a potion of haste
 i - 4 potions of magic
 j - 3 potions of berserk rage
Comestibles
 p - a beef jerky
 w - 40 fruits
 x - 12 bread rations
 z - 12 meat rations
 C - 2 chunks of flesh


   Skills:
 * Level 12.0 Fighting
 * Level 13.1 Axes
 + Level 5.2 Throwing
 * Level 12.1 Armour
 + Level 4.7 Dodging
 * Level 13.0 Shields
 - Level 12.2 Evocations


You had 10 spell levels left.
You didn't know any spells.

Dungeon Overview and Level Annotations

Branches:
Dungeon (1/1)

Altars:
Cheibriados
Dithmenos
Elyvilon
Fedhas
Gozag
Hepliaklqana
Kikubaaqudgha
Makhleb
Nemelex Xobeh
Okawaru
Pakellas
Qazlal
Ru
Sif Muna
Trog
Uskayaw
Vehumet
Xom
Yredelemnul
Zin
The Shining One
Beogh
Jiyva
Lugonu


Innate Abilities, Weirdness & Mutations

You are under a permanent stasis effect.
You can dig through walls and to a lower floor.
Your four strong arms can wield two-handed weapons with a shield.
You have a pair of large antennae on your head. (SInv)


Message History

You are engulfed in a cloud of scalding steam.
* * * LOW HITPOINT WARNING * * *
The smoke demon falters for a moment.
The orc sorcerer casts a spell at you.
The bolt of fire hits the smoke demon.
The smoke demon resists.
The bolt of fire hits you!
* * * LOW HITPOINT WARNING * * *
Okay, then.
Your skin crawls.
You feel resistant to hostile enchantments.
You are feeling very hungry.
You are engulfed in a cloud of scalding steam.
The smoke demon hits you but does no damage.
The smoke demon closely misses you.
The smoke demon hits you but does no damage.
The orc sorcerer mumbles some strange words.
Unknown command.
You are near starving!
You are engulfed in a cloud of scalding steam.
You die...

{▓.▓.▓.▓_▓
▓.▓.▓.▓.▓_▓
▓o▓.▓.▓.▓_▓
{
▓o▓.▓.▓.▓_▓
▓o▓.▓'▓.▓_▓
▓o▓.▓.▓.▓_▓
▓o▓.▓.▓.▓_▓
▓3▓.▓.▓.▓_▓
▓@▓.▓.▓.▓_▓
▓§▓.▓.▓.▓_▓
▓§▓.▓.▓.▓_▓
▓.▓.▓.▓.▓_▓
▓[▓.▓.▓.▓_▓
▓)▓.▓.▓.▓_▓
▓.▓.▓'▓.▓_▓
▓.▓.▓.▓.▓_▓
▓.▓.▓.▓.▓_▓


You could see a smoke demon, an orc sorcerer and 4 orc warriors.

Vanquished Creatures
  Erolcha (D)
  A hydra (D)
  An unseen horror (D)
  2 lindwurms (D)
  An orc knight (D)
  A black mamba (D)
  A spiny frog (D)
  A rime drake (D)
  A komodo dragon (D)
  A giant leech (D)
  2 yaks (D)
  A wyvern (D)
  A hippogriff (D)
  A water moccasin (D)
  3 porcupines (D)
  7 orc warriors (D)
  A phantom (D)
  A crocodile (D)
  6 giant frogs (D)
  A scorpion (D)
  A crimson imp (D)
  A hound (D)
  2 orc priests (D)
  A jelly (D)
  2 orc wizards (D)
  An iguana (D)
  2 sheep (D)
  A river rat (D)
  5 worms (D)
  8 orcs (D)
  A bat skeleton (D)
  A goblin (D)
  2 hobgoblins (D)
  A ball python skeleton (D)
  A bat (D)
  A giant cockroach zombie (D)
  A rat (D)
67 creatures vanquished.

Vanquished Creatures (collateral kills)
  A komodo dragon (D)
1 creature vanquished.

Grand Total: 68 creatures vanquished

Notes
Turn   | Place    | Note
--------------------------------------------------------------
     0 | D        | Groucho the Formicid Fighter began the quest for the Orb.
     0 | D        | Reached XP level 1. HP: 18/18 MP: 1/1
    20 | D        | Noticed a scorpion
    20 | D        | Noticed a crimson imp
    20 | D        | Noticed a hound
    20 | D        | Noticed a phantom
    50 | D        | Killed a hound
    50 | D        | Reached XP level 2. HP: 12/26 MP: 2/2
    50 | D        | Reached XP level 3. HP: 14/31 MP: 3/3
    53 | D        | Killed a scorpion
    53 | D        | Reached skill level 5 in Fighting
    53 | D        | Reached skill level 5 in Axes
    53 | D        | Reached skill level 5 in Armour
    53 | D        | Reached skill level 5 in Shields
    53 | D        | Reached XP level 4. HP: 9/39 MP: 4/4
    65 | D        | Reached XP level 5. HP: 13/46 MP: 5/5
    67 | D        | Killed a phantom
    67 | D        | Reached XP level 6. HP: 16/53 MP: 6/6
   387 | D        | Found a glowing silver altar of Zin.
   387 | D        | Found a glowing golden altar of the Shining One.
   387 | D        | Found an ancient bone altar of Kikubaaqudgha.
   387 | D        | Found a basalt altar of Yredelemnul.
   387 | D        | Found a shimmering altar of Xom.
   387 | D        | Found a radiant altar of Vehumet.
   388 | D        | Found an iron altar of Okawaru.
   389 | D        | Found a burning altar of Makhleb.
   390 | D        | Found a deep blue altar of Sif Muna.
   391 | D        | Found a bloodstained altar of Trog.
   392 | D        | Found a sparkling altar of Nemelex Xobeh.
   393 | D        | Found a white marble altar of Elyvilon.
   394 | D        | Found a roughly hewn altar of Beogh.
   395 | D        | Found a viscous altar of Jiyva.
   396 | D        | Found a corrupted altar of Lugonu.
   397 | D        | Found a blossoming altar of Fedhas.
   398 | D        | Found a snail-covered altar of Cheibriados.
   399 | D        | Became a worshipper of Trog the Wrathful
   400 | D        | Found a shadowy altar of Dithmenos.
   401 | D        | Found a stormy altar of Qazlal.
   402 | D        | Found an opulent altar of Gozag.
   403 | D        | Found a sacrificial altar of Ru.
   404 | D        | Found an oddly glowing altar of Pakellas.
   405 | D        | Found a hide-covered altar of Uskayaw.
   406 | D        | Found a hazy altar of Hepliaklqana.
   430 | D        | Noticed an orc warrior
   430 | D        | Noticed an unseen horror
   452 | D        | Killed an unseen horror
   452 | D        | Reached skill level 10 in Axes
   452 | D        | Reached XP level 7. HP: 43/63 MP: 7/7
   452 | D        | Reached XP level 8. HP: 47/69 MP: 8/8
   460 | D        | Reached * piety under Trog
   583 | D        | Noticed a yak
   583 | D        | Noticed a five-headed hydra
   583 | D        | Noticed a yak
   583 | D        | Noticed a wyvern
   585 | D        | Reached skill level 1 in Evocations
   585 | D        | Reached ** piety under Trog
   586 | D        | Killed a wyvern
   586 | D        | Reached skill level 5 in Evocations
   587 | D        | Killed a yak
   588 | D        | Killed a yak
   588 | D        | Reached *** piety under Trog
   588 | D        | Reached XP level 9. HP: 49/76 MP: 8/15
   599 | D        | Killed a ten-headed hydra
   871 | D        | Noticed a komodo dragon
   874 | D        | Noticed a rime drake
   877 | D        | Reached skill level 10 in Shields
   879 | D        | Noticed a komodo dragon
   892 | D        | Killed a komodo dragon
   892 | D        | Reached **** piety under Trog
   892 | D        | Reached skill level 1 in Throwing
   892 | D        | Reached skill level 1 in Dodging
   894 | D        | Noticed a black mamba
   908 | D        | Killed a rime drake
   908 | D        | Reached ***** piety under Trog
   908 | D        | Reached skill level 10 in Armour
   908 | D        | Reached XP level 10. HP: 6/85 MP: 19/19
   910 | D        | HP: 3/85 [komodo dragon (20)]
   915 | D        | Killed a komodo dragon
   915 | D        | Reached skill level 10 in Fighting
  1332 | D        | Killed a black mamba
  1353 | D        | Noticed a spiny frog
  1356 | D        | Received a gift from Trog
  1360 | D        | Killed a spiny frog
  1374 | D        | Received a gift from Trog
  1380 | D        | Received a gift from Trog
  1406 | D        | Noticed a lindwurm
  1411 | D        | Noticed a lindwurm
  1421 | D        | Killed a lindwurm
  2096 | D        | Killed a lindwurm
  2096 | D        | Received a gift from Trog
  2154 | D        | Noticed Erolcha
  2167 | D        | Killed Erolcha
  2167 | D        | Reached XP level 11. HP: 72/94 MP: 6/20
  2252 | D        | Received a gift from Trog
  2257 | D        | Reached ****** piety under Trog
  2257 | D        | Received a gift from Trog
  2289 | D        | Received a gift from Trog
  2338 | D        | Noticed an orc knight
  2356 | D        | Noticed an orc sorcerer
  2361 | D        | Killed an orc knight
  2361 | D        | Reached skill level 5 in Throwing
  2381 | D        | HP: 2/95 [orc sorcerer/bolt of fire (14)]
  2383 | D        | Engulfed by a smoke demon's steam

Vault maps used:
D:        linesprint

Skill      XL: |  1  2  3  4  5  6  7  8  9 10 11 |
---------------+----------------------------------+-----
Fighting       | 4 5 6 8 9 11 12 | 12.0
Axes           | 4 5 6 7 10 11 12 13 | 13.1
Armour         | 4 5 6 8 9 10 11 12 | 12.1
Shields        | 4 5 6 7 9 10 12 13 | 13.0
Evocations     | 8 12 | 12.2
Throwing       | 2 4 5 |  5.2
Dodging        | 2 4 |  4.7

Action                   |  1- 3 |  4- 6 |  7- 9 | 10-12 || total
-------------------------+-------+-------+-------+-------++-------
Melee: War axe           |    40 |    27 |    53 |    80 ||   200
       Broad axe         |       |       |       |    85 ||    85
Throw: Javelin           |       |       |       |     3 ||     3
Invok: Trog's Hand       |       |       |     2 |     8 ||    10
       Brothers in Arms  |       |       |       |     3 ||     3
Evoke: Wand              |       |       |     7 |       ||     7
  Use: Potion            |     3 |     1 |     3 |     3 ||    10
 Stab: Invisible         |       |       |     2 |       ||     2
  Eat: Chunk             |       |       |     1 |     3 ||     4
       Bread ration      |       |       |       |     1 ||     1
Armor: Scale mail        |    26 |    12 |     3 |       ||    41
       Plate armour      |       |       |    29 |    26 ||    55
Dodge: Dodged            |    17 |     8 |    25 |    22 ||    72
Block: Shield            |    31 |    14 |    40 |    69 ||   154
